[ PARTIDA AOE2 · #490636101 ]
UnrankedEtíopes vs Romans
Equipo del jugador · DERR
[ ANÁLISIS DE REPETICIÓN · EXTRAÍDO DE LA PARTIDA GRABADA ]
Feudal
12:34
Castillos
16:29
Imperial
34:36
| APM promedio | 14.4 |
| APM pico | 37 |
| eAPM promedio | 9.3 |
| Aldeanos / militares | 76 / 80 |
Foco
⚔️ 27.4% · 🌾 72.6%
Shotel Warrior ×66 · Bombard Cannon ×8 · Knight ×5 · Trade Cart ×2 · Trebuchet (Packed) ×1
Feudal
9:26
Castillos
18:04
Imperial
34:14
| APM promedio | 17.5 |
| APM pico | 47 |
| eAPM promedio | 11.3 |
| Aldeanos / militares | 91 / 49 |
Foco
⚔️ 27.8% · 🌾 72.2%
Unknown (1968) ×43 · Spearman ×38 · Trade Cart ×10 · Unknown (1974) ×10 · Fishing Ship ×8 · Cavalry Archer ×5
Feudal
11:36
Castillos
25:01
Imperial
33:28
| APM promedio | 12.7 |
| APM pico | 50 |
| eAPM promedio | 9.8 |
| Aldeanos / militares | 102 / 57 |
Foco
⚔️ 29.8% · 🌾 70.2%
Scorpion ×36 · Fishing Ship ×16 · Trade Cart ×13 · Militia ×8 · Demolition Raft ×8 · Trebuchet (Packed) ×5
Feudal
12:04
Castillos
21:48
Imperial
36:58
| APM promedio | 19.0 |
| APM pico | 50 |
| eAPM promedio | 13.4 |
| Aldeanos / militares | 109 / 208 |
Foco
⚔️ 32.4% · 🌾 67.6%
Spearman ×101 · Woad Raider ×38 · Militia ×30 · Scout Cavalry ×23 · Trade Cart ×18 · Knight ×13
Feudal
13:05
Castillos
22:27
Imperial
33:18
| APM promedio | 23.9 |
| APM pico | 64 |
| eAPM promedio | 12.7 |
| Aldeanos / militares | 85 / 98 |
Foco
⚔️ 26.6% · 🌾 73.4%
Hussite Wagon ×97 · Fishing Ship ×6 · Transport Ship ×1
Feudal
9:46
Castillos
21:19
Imperial
42:29
| APM promedio | 23.4 |
| APM pico | 80 |
| eAPM promedio | 13.6 |
| Aldeanos / militares | 109 / 88 |
Foco
⚔️ 27.4% · 🌾 72.6%
Scout Cavalry ×60 · Ballista Elephant ×26 · Trade Cart ×15 · Monk ×1 · Transport Ship ×1
Feudal
10:27
Castillos
20:14
Imperial
34:33
| APM promedio | 24.2 |
| APM pico | 75 |
| eAPM promedio | 10.8 |
| Aldeanos / militares | 75 / 61 |
Foco
⚔️ 23.8% · 🌾 76.2%
Janissary ×36 · Bombard Cannon ×23 · Monk ×1 · Transport Ship ×1
Feudal
15:49
Castillos
23:29
Imperial
34:17
| APM promedio | 19.3 |
| APM pico | 55 |
| eAPM promedio | 13.4 |
| Aldeanos / militares | 175 / 270 |
Foco
⚔️ 32.7% · 🌾 67.3%
Scout Cavalry ×265 · Trebuchet (Packed) ×3 · Transport Ship ×1 · Ballista Elephant ×1
Mapa de la partida
Recursos iniciales + cada clic de construcción. Líneas = muros · curvas = relieve. ◆ oro · ⬟ piedra · ● bayas · ✦ reliquia · ◌ hueco del cierre
Tu base· ✓ Separados por el mapa
Base de GuilleLeopold17· ✓ Separados por el mapa
Base de Viper· ✓ Separados por el mapa
Base de felipegarcia92· ✓ Separados por el mapa
Base de jeredino123· ✓ Separados por el mapa
Base de vitavidal91· ✓ Separados por el mapa
Base de HijoClauAmen· ✓ Separados por el mapa
Base de Jx· ✓ Separados por el mapa
Terreno inicial suavizado · ◌ = hueco del cierre detectado · pasá el cursor para detalles
Inputs por minuto
— tatomagallanes - - GuilleLeopold17
Build order — tatomagallanes
Primeras 150 de 267 acciones detectadas
| 0:02 | Encolar | Villager (Male) |
| 0:02 | Encolar | Villager (Male) |
| 0:02 | Encolar | Villager (Male) |
| 0:03 | Encolar | Villager (Male) |
| 0:03 | Encolar | Villager (Male) |
| 0:09 | Construir | House |
| 0:15 | Construir | House |
| 1:29 | Encolar | Villager (Male) |
| 2:09 | Encolar | Villager (Male) |
| 2:26 | Investigar | Loom |
| 2:58 | Encolar | Villager (Male) |
| 3:27 | Encolar | Villager (Male) |
| 4:04 | Encolar | Villager (Male) |
| 4:04 | Encolar | Villager (Male) |
| 4:10 | Construir | Mill |
| 4:51 | Construir | House |
| 5:15 | Encolar | Villager (Male) |
| 5:15 | Encolar | Villager (Male) |
| 5:15 | Encolar | Villager (Male) |
| 5:30 | Construir | Lumber Camp |
| 5:49 | Encolar | Villager (Male) |
| 6:11 | Encolar | Villager (Male) |
| 7:10 | Construir | House |
| 7:14 | Construir | House |
| 7:29 | Encolar | Villager (Male) |
| 7:29 | Encolar | Villager (Male) |
| 7:30 | Encolar | Villager (Male) |
| 8:04 | Construir | Mill |
| 8:24 | Construir | Farm |
| 8:25 | Construir | Farm |
| 8:41 | Encolar | Villager (Male) |
| 8:41 | Encolar | Villager (Male) |
| 8:41 | Encolar | Villager (Male) |
| 8:46 | Construir | Farm |
| 9:05 | Construir | Farm |
| 9:52 | Encolar | Villager (Male) |
| 10:06 | Construir | Mining Camp |
| 10:12 | Investigar | Feudal Age |
| 11:09 | Construir | Barracks |
| 12:25 | Encolar | Villager (Male) |
| 12:25 | Encolar | Villager (Male) |
| 12:25 | Encolar | Villager (Male) |
| 12:34 | Edad | Edad Feudal |
| 12:56 | Construir | Stable |
| 13:07 | Construir | Blacksmith |
| 13:44 | Investigar | Castle Age |
| 14:52 | Construir | Outpost |
| 15:12 | Construir | Lumber Camp |
| 15:20 | Construir | Mining Camp |
| 15:36 | Investigar | Double-Bit Axe |
| 16:02 | Investigar | Scale Barding Armor |
| 16:29 | Edad | Edad de los Castillos |
| 16:32 | Encolar | Knight |
| 16:32 | Encolar | Knight |
| 16:33 | Encolar | Knight |
| 16:45 | Encolar | Villager (Male) |
| 16:45 | Encolar | Villager (Male) |
| 16:58 | Construir | Town Center |
| 17:10 | Construir | House |
| 17:40 | Investigar | Stone Mining |
| 17:48 | Construir | House |
| 18:20 | Encolar | Villager (Male) |
| 18:21 | Encolar | Villager (Male) |
| 18:21 | Encolar | Villager (Male) |
| 19:00 | Encolar | Villager (Male) |
| 20:43 | Encolar | Villager (Male) |
| 20:43 | Encolar | Villager (Male) |
| 20:55 | Construir | Farm |
| 20:55 | Construir | Farm |
| 20:56 | Construir | Farm |
| 20:56 | Construir | Farm |
| 20:57 | Construir | Farm |
| 21:00 | Construir | Farm |
| 21:03 | Encolar | Villager (Male) |
| 21:04 | Encolar | Villager (Male) |
| 21:15 | Construir | Outpost |
| 21:54 | Construir | Farm |
| 21:56 | Encolar | Villager (Male) |
| 22:21 | Construir | Mining Camp |
| 22:25 | Encolar | Villager (Male) |
| 22:25 | Encolar | Villager (Male) |
| 22:45 | Construir | Farm |
| 22:48 | Encolar | Villager (Male) |
| 23:04 | Construir | Castle |
| 23:16 | Investigar | Scale Mail Armor |
| 23:27 | Construir | Farm |
| 23:28 | Construir | Farm |
| 23:31 | Encolar | Villager (Male) |
| 23:40 | Construir | Farm |
| 23:46 | Encolar | Knight |
| 23:46 | Encolar | Knight |
| 24:01 | Construir | Farm |
| 24:08 | Construir | House |
| 24:16 | Encolar | Villager (Male) |
| 24:32 | Construir | House |
| 24:32 | Construir | House |
| 24:33 | Construir | House |
| 24:34 | Construir | House |
| 24:41 | Encolar | Shotel Warrior |
| 24:41 | Encolar | Shotel Warrior |
| 24:41 | Encolar | Shotel Warrior |
| 24:50 | Construir | Mining Camp |
| 25:16 | Encolar | Shotel Warrior |
| 25:17 | Encolar | Shotel Warrior |
| 25:17 | Encolar | Shotel Warrior |
| 25:17 | Encolar | Shotel Warrior |
| 25:18 | Encolar | Shotel Warrior |
| 25:40 | Construir | Farm |
| 25:42 | Construir | Farm |
| 25:44 | Encolar | Villager (Male) |
| 25:45 | Encolar | Villager (Male) |
| 25:45 | Encolar | Villager (Male) |
| 25:53 | Encolar | Villager (Male) |
| 26:29 | Encolar | Shotel Warrior |
| 26:30 | Encolar | Shotel Warrior |
| 26:30 | Encolar | Shotel Warrior |
| 26:40 | Investigar | Horse Collar |
| 26:46 | Construir | Farm |
| 26:59 | Construir | Farm |
| 27:00 | Construir | Farm |
| 27:02 | Encolar | Villager (Male) |
| 27:03 | Encolar | Villager (Male) |
| 27:09 | Construir | House |
| 27:10 | Construir | House |
| 27:10 | Construir | House |
| 27:11 | Construir | House |
| 27:11 | Construir | House |
| 27:13 | Construir | House |
| 27:15 | Construir | House |
| 27:15 | Construir | House |
| 27:17 | Construir | House |
| 27:18 | Construir | House |
| 27:20 | Construir | House |
| 27:26 | Construir | Farm |
| 27:34 | Construir | Farm |
| 27:52 | Investigar | Squires |
| 27:56 | Investigar | Chain Mail Armor |
| 28:33 | Investigar | Arson |
| 28:36 | Encolar | Villager (Male) |
| 28:37 | Encolar | Villager (Male) |
| 28:53 | Construir | Farm |
| 28:54 | Construir | Farm |
| 28:58 | Encolar | Villager (Male) |
| 28:58 | Encolar | Villager (Male) |
| 30:23 | Construir | Market |
| 30:31 | Encolar | Villager (Male) |
| 30:31 | Encolar | Villager (Male) |
| 30:40 | Construir | Mill |
| 30:45 | Investigar | Wheelbarrow |
| 30:50 | Construir | Farm |
Build order — GuilleLeopold17
Primeras 150 de 289 acciones detectadas
| 0:02 | Encolar | Villager (Male) |
| 0:02 | Encolar | Villager (Male) |
| 0:02 | Encolar | Villager (Male) |
| 0:03 | Encolar | Villager (Male) |
| 0:07 | Construir | House |
| 0:10 | Construir | House |
| 1:32 | Encolar | Villager (Male) |
| 1:32 | Encolar | Villager (Male) |
| 2:06 | Investigar | Loom |
| 2:17 | Encolar | Villager (Male) |
| 2:17 | Encolar | Villager (Male) |
| 2:18 | Encolar | Villager (Male) |
| 2:51 | Encolar | Villager (Male) |
| 2:51 | Encolar | Villager (Male) |
| 3:34 | Construir | Dock |
| 3:55 | Encolar | Villager (Male) |
| 3:55 | Encolar | Villager (Male) |
| 3:55 | Encolar | Villager (Male) |
| 4:05 | Construir | House |
| 4:36 | Encolar | Villager (Male) |
| 4:36 | Encolar | Villager (Male) |
| 5:07 | Encolar | Villager (Male) |
| 5:07 | Encolar | Villager (Male) |
| 5:25 | Encolar | Villager (Male) |
| 5:53 | Encolar | Fishing Ship |
| 6:50 | Construir | Lumber Camp |
| 7:16 | Investigar | Feudal Age |
| 8:15 | Construir | Mill |
| 8:25 | Construir | House |
| 8:32 | Encolar | Villager (Male) |
| 8:32 | Encolar | Villager (Male) |
| 9:17 | Encolar | Villager (Male) |
| 9:26 | Edad | Edad Feudal |
| 9:49 | Encolar | Transport Ship |
| 9:53 | Encolar | Villager (Male) |
| 10:09 | Construir | Mining Camp |
| 10:17 | Encolar | Villager (Male) |
| 11:17 | Encolar | Fishing Ship |
| 11:18 | Encolar | Fishing Ship |
| 11:26 | Construir | House |
| 11:56 | Encolar | Villager (Male) |
| 11:57 | Encolar | Villager (Male) |
| 12:05 | Construir | Barracks |
| 12:26 | Encolar | Villager (Male) |
| 13:13 | Construir | Stable |
| 13:18 | Encolar | Villager (Male) |
| 13:19 | Encolar | Villager (Male) |
| 13:58 | Construir | House |
| 13:58 | Construir | House |
| 14:26 | Construir | Blacksmith |
| 14:54 | Encolar | Villager (Male) |
| 15:18 | Construir | Lumber Camp |
| 15:24 | Investigar | Castle Age |
| 15:29 | Investigar | Double-Bit Axe |
| 16:16 | Construir | Farm |
| 16:17 | Construir | Farm |
| 16:17 | Construir | Farm |
| 16:17 | Construir | Farm |
| 16:17 | Construir | Farm |
| 16:18 | Construir | Farm |
| 16:18 | Construir | Farm |
| 16:18 | Construir | Farm |
| 16:37 | Construir | Farm |
| 16:37 | Construir | Farm |
| 16:37 | Construir | Farm |
| 16:38 | Construir | Farm |
| 16:39 | Construir | Farm |
| 16:39 | Construir | Farm |
| 16:39 | Construir | Farm |
| 16:40 | Construir | Farm |
| 16:40 | Construir | Farm |
| 16:46 | Construir | Farm |
| 16:46 | Construir | Farm |
| 16:46 | Construir | Farm |
| 16:47 | Construir | Farm |
| 16:47 | Construir | Farm |
| 16:47 | Construir | Farm |
| 16:48 | Construir | Farm |
| 16:48 | Construir | Farm |
| 16:50 | Construir | Farm |
| 17:10 | Construir | Farm |
| 17:11 | Construir | Farm |
| 17:11 | Construir | Farm |
| 17:11 | Construir | Farm |
| 17:12 | Construir | Farm |
| 17:12 | Construir | Farm |
| 17:12 | Construir | Farm |
| 17:13 | Construir | Farm |
| 17:13 | Construir | Farm |
| 17:13 | Construir | Farm |
| 17:13 | Construir | Farm |
| 17:14 | Construir | Farm |
| 17:54 | Construir | Mining Camp |
| 18:04 | Edad | Edad de los Castillos |
| 18:09 | Encolar | Villager (Male) |
| 18:10 | Encolar | Villager (Male) |
| 18:10 | Encolar | Villager (Male) |
| 18:10 | Encolar | Villager (Male) |
| 18:48 | Construir | House |
| 19:02 | Encolar | Villager (Male) |
| 19:02 | Encolar | Villager (Male) |
| 19:33 | Construir | Farm |
| 19:41 | Construir | Lumber Camp |
| 20:20 | Construir | Town Center |
| 20:31 | Encolar | Villager (Male) |
| 20:32 | Encolar | Villager (Male) |
| 20:32 | Encolar | Villager (Male) |
| 21:23 | Encolar | Villager (Male) |
| 21:40 | Construir | House |
| 21:41 | Construir | House |
| 21:42 | Construir | House |
| 21:57 | Encolar | Villager (Male) |
| 21:57 | Encolar | Villager (Male) |
| 22:01 | Encolar | Villager (Male) |
| 22:01 | Encolar | Villager (Male) |
| 22:02 | Encolar | Villager (Male) |
| 22:19 | Encolar | Villager (Male) |
| 22:52 | Construir | Market |
| 23:08 | Encolar | Villager (Male) |
| 23:09 | Encolar | Villager (Male) |
| 23:09 | Encolar | Villager (Male) |
| 23:12 | Encolar | Fishing Ship |
| 23:13 | Encolar | Fishing Ship |
| 23:13 | Encolar | Fishing Ship |
| 23:38 | Construir | Castle |
| 24:05 | Construir | House |
| 24:07 | Construir | House |
| 24:12 | Construir | House |
| 24:19 | Construir | Archery Range |
| 24:27 | Construir | Siege Workshop |
| 24:40 | Encolar | Villager (Male) ×5 |
| 24:55 | Construir | Town Center |
| 25:06 | Encolar | Villager (Male) |
| 25:06 | Encolar | Villager (Male) |
| 25:15 | Construir | Mining Camp |
| 25:19 | Encolar | Unit 1968 |
| 25:19 | Encolar | Unit 1968 |
| 25:19 | Encolar | Unit 1968 |
| 25:48 | Encolar | Villager (Male) |
| 25:48 | Encolar | Villager (Male) |
| 25:48 | Encolar | Villager (Male) |
| 25:53 | Encolar | Villager (Male) ×5 |
| 25:58 | Encolar | Fishing Ship |
| 25:59 | Encolar | Fishing Ship |
| 26:08 | Construir | Farm |
| 26:09 | Construir | Farm |
| 26:18 | Encolar | Unit 1968 |
| 26:18 | Encolar | Unit 1968 |
| 27:07 | Construir | Stone Wall |
| 27:13 | Construir | Stone Wall |
Build order — Viper
Primeras 150 de 296 acciones detectadas
| 0:21 | Encolar | Villager (Male) |
| 0:21 | Encolar | Villager (Male) |
| 0:21 | Encolar | Villager (Male) |
| 0:21 | Encolar | Villager (Male) |
| 0:24 | Construir | House |
| 0:27 | Construir | House |
| 1:06 | Construir | House |
| 1:07 | Construir | House |
| 1:58 | Investigar | Loom |
| 2:00 | Encolar | Villager (Male) |
| 2:22 | Construir | Mill |
| 2:41 | Encolar | Villager (Male) |
| 2:58 | Encolar | Villager (Male) |
| 2:58 | Encolar | Villager (Male) |
| 2:59 | Encolar | Villager (Male) |
| 3:39 | Encolar | Villager (Male) |
| 3:40 | Encolar | Villager (Male) |
| 3:40 | Encolar | Villager (Male) |
| 4:11 | Encolar | Villager (Male) |
| 4:11 | Encolar | Villager (Male) |
| 4:11 | Encolar | Villager (Male) |
| 4:12 | Encolar | Villager (Male) |
| 4:30 | Encolar | Villager (Male) |
| 4:30 | Encolar | Villager (Male) |
| 4:42 | Encolar | Villager (Male) |
| 4:42 | Encolar | Villager (Male) |
| 5:36 | Encolar | Villager (Male) |
| 5:36 | Encolar | Villager (Male) |
| 5:44 | Encolar | Villager (Male) |
| 5:44 | Encolar | Villager (Male) |
| 5:45 | Encolar | Villager (Male) |
| 5:57 | Encolar | Villager (Male) |
| 5:57 | Encolar | Villager (Male) |
| 7:02 | Encolar | Villager (Male) |
| 7:02 | Encolar | Villager (Male) |
| 8:05 | Construir | Lumber Camp |
| 8:44 | Encolar | Villager (Male) |
| 8:55 | Construir | Mining Camp |
| 9:26 | Investigar | Feudal Age |
| 9:31 | Construir | Mining Camp |
| 9:52 | Encolar | Villager (Male) |
| 10:25 | Construir | Lumber Camp |
| 11:36 | Edad | Edad Feudal |
| 11:45 | Investigar | Double-Bit Axe |
| 11:47 | Investigar | Horse Collar |
| 12:23 | Construir | Dock |
| 12:32 | Investigar | Wheelbarrow |
| 12:57 | Construir | Lumber Camp |
| 13:03 | Encolar | Villager (Male) |
| 13:03 | Encolar | Villager (Male) |
| 13:18 | Construir | Farm |
| 13:28 | Construir | Farm |
| 13:47 | Construir | Farm |
| 13:56 | Construir | House |
| 14:00 | Construir | House |
| 14:05 | Construir | House |
| 14:16 | Construir | Farm |
| 14:27 | Construir | Farm |
| 14:41 | Encolar | Fishing Ship |
| 14:49 | Investigar | Tech 906 |
| 15:05 | Construir | Farm |
| 15:13 | Investigar | Gold Mining |
| 15:19 | Encolar | Villager (Male) |
| 15:20 | Encolar | Villager (Male) |
| 15:40 | Construir | House |
| 15:42 | Construir | House |
| 15:46 | Encolar | Fishing Ship |
| 15:46 | Encolar | Fishing Ship |
| 15:47 | Encolar | Fishing Ship |
| 16:45 | Construir | House |
| 17:01 | Encolar | Fishing Ship |
| 17:02 | Encolar | Fishing Ship |
| 17:06 | Encolar | Villager (Male) |
| 17:06 | Encolar | Villager (Male) |
| 17:07 | Encolar | Villager (Male) |
| 17:08 | Encolar | Villager (Male) |
| 17:47 | Construir | Farm |
| 18:13 | Construir | Mining Camp |
| 18:21 | Construir | Blacksmith |
| 18:29 | Construir | Market |
| 18:35 | Construir | Lumber Camp |
| 18:46 | Construir | Farm |
| 18:50 | Construir | Farm |
| 18:55 | Encolar | Villager (Male) |
| 18:55 | Encolar | Villager (Male) |
| 18:59 | Investigar | Stone Mining |
| 19:11 | Construir | Farm |
| 19:47 | Construir | Stone Wall |
| 19:53 | Construir | Gate |
| 19:59 | Encolar | Villager (Male) |
| 20:00 | Encolar | Villager (Male) |
| 20:03 | Encolar | Villager (Male) |
| 20:17 | Encolar | Villager (Male) |
| 20:24 | Encolar | Demolition Raft |
| 20:24 | Encolar | Demolition Raft |
| 20:25 | Encolar | Demolition Raft |
| 20:25 | Encolar | Demolition Raft |
| 20:25 | Encolar | Demolition Raft |
| 21:13 | Construir | Lumber Camp |
| 21:22 | Encolar | Fishing Ship |
| 21:22 | Encolar | Fishing Ship |
| 21:22 | Encolar | Fishing Ship |
| 21:58 | Encolar | Fishing Ship |
| 21:58 | Encolar | Fishing Ship |
| 21:58 | Encolar | Fishing Ship |
| 22:12 | Construir | House |
| 22:14 | Construir | House |
| 22:16 | Construir | House |
| 22:18 | Construir | House |
| 22:21 | Investigar | Castle Age |
| 22:58 | Construir | Fish Trap |
| 25:01 | Edad | Edad de los Castillos |
| 25:48 | Construir | Fish Trap |
| 25:52 | Construir | Fish Trap |
| 25:57 | Construir | Fish Trap |
| 26:00 | Construir | Fish Trap |
| 26:10 | Construir | Town Center |
| 26:15 | Investigar | Bow Saw |
| 26:21 | Investigar | Gold Shaft Mining |
| 26:23 | Investigar | Hand Cart |
| 26:28 | Investigar | Heavy Plow |
| 26:40 | Investigar | Gillnets |
| 26:43 | Encolar | Demolition Raft |
| 26:43 | Encolar | Demolition Raft |
| 26:44 | Encolar | Demolition Raft |
| 26:51 | Encolar | Fishing Ship |
| 26:51 | Encolar | Fishing Ship |
| 27:06 | Construir | Dock |
| 27:43 | Construir | Castle |
| 27:47 | Encolar | Villager (Male) |
| 27:47 | Encolar | Villager (Male) |
| 27:47 | Encolar | Villager (Male) |
| 27:47 | Encolar | Villager (Male) |
| 28:11 | Construir | Fish Trap |
| 28:14 | Encolar | Fishing Ship |
| 28:14 | Encolar | Fishing Ship |
| 28:48 | Encolar | Villager (Male) |
| 28:48 | Encolar | Villager (Male) |
| 28:51 | Construir | Barracks |
| 29:00 | Encolar | Villager (Male) |
| 29:00 | Encolar | Villager (Male) |
| 29:01 | Encolar | Villager (Male) |
| 29:01 | Encolar | Villager (Male) |
| 29:08 | Construir | Fish Trap |
| 29:17 | Construir | Fish Trap |
| 29:40 | Construir | Castle |
| 29:50 | Investigar | Man-at-Arms (upgrade) |
| 30:04 | Construir | Lumber Camp |
| 30:08 | Encolar | Militia |
| 30:08 | Encolar | Militia |
Build order — felipegarcia92
Primeras 150 de 407 acciones detectadas
| 0:02 | Encolar | Villager (Male) |
| 0:02 | Encolar | Villager (Male) |
| 0:03 | Encolar | Villager (Male) |
| 0:03 | Encolar | Villager (Male) |
| 0:06 | Construir | House |
| 0:08 | Construir | House |
| 1:42 | Encolar | Villager (Male) |
| 2:06 | Encolar | Villager (Male) |
| 2:32 | Encolar | Villager (Male) |
| 3:03 | Encolar | Villager (Male) |
| 3:04 | Encolar | Villager (Male) |
| 3:15 | Construir | Lumber Camp |
| 3:22 | Encolar | Villager (Male) |
| 3:33 | Construir | House |
| 3:38 | Construir | Mill |
| 3:54 | Encolar | Villager (Male) |
| 4:18 | Investigar | Loom |
| 4:59 | Encolar | Villager (Male) |
| 4:59 | Encolar | Villager (Male) |
| 5:09 | Encolar | Villager (Male) |
| 5:34 | Encolar | Villager (Male) |
| 6:32 | Encolar | Villager (Male) |
| 6:32 | Encolar | Villager (Male) |
| 6:33 | Encolar | Villager (Male) |
| 6:51 | Construir | Mill |
| 7:20 | Construir | House |
| 7:49 | Encolar | Villager (Male) |
| 7:53 | Encolar | Villager (Male) |
| 8:08 | Encolar | Villager (Male) |
| 8:09 | Encolar | Villager (Male) |
| 8:10 | Encolar | Villager (Male) |
| 8:19 | Construir | Mining Camp |
| 8:44 | Construir | Mining Camp |
| 9:35 | Investigar | Feudal Age |
| 10:02 | Construir | House |
| 10:06 | Construir | Barracks |
| 10:45 | Construir | Dock |
| 11:41 | Encolar | Transport Ship |
| 12:02 | Encolar | Villager (Male) |
| 12:02 | Encolar | Villager (Male) |
| 12:04 | Edad | Edad Feudal |
| 12:16 | Construir | Stable |
| 12:30 | Construir | House |
| 13:51 | Encolar | Villager (Male) |
| 13:52 | Encolar | Villager (Male) |
| 13:52 | Encolar | Villager (Male) |
| 14:03 | Construir | Farm |
| 14:40 | Encolar | Villager (Male) |
| 15:09 | Construir | Lumber Camp |
| 15:59 | Construir | Lumber Camp |
| 16:01 | Encolar | Villager (Male) |
| 16:01 | Encolar | Villager (Male) |
| 16:33 | Construir | Farm |
| 16:43 | Encolar | Militia |
| 16:43 | Encolar | Militia |
| 16:44 | Encolar | Militia |
| 17:02 | Construir | Blacksmith |
| 17:05 | Encolar | Villager (Male) |
| 17:06 | Encolar | Villager (Male) |
| 17:17 | Construir | House |
| 17:27 | Construir | House |
| 17:29 | Construir | Farm |
| 18:02 | Construir | Farm |
| 18:04 | Construir | Farm |
| 18:07 | Construir | Farm |
| 18:13 | Encolar | Villager (Male) |
| 18:29 | Construir | Farm |
| 18:34 | Construir | Farm |
| 18:40 | Construir | Farm |
| 18:51 | Construir | Farm |
| 19:08 | Investigar | Castle Age |
| 19:08 | Investigar | Castle Age |
| 19:12 | Construir | Farm |
| 19:21 | Construir | Farm |
| 19:31 | Construir | Farm |
| 19:48 | Investigar | Double-Bit Axe |
| 20:11 | Investigar | Horse Collar |
| 20:27 | Construir | Farm |
| 20:34 | Construir | Farm |
| 20:52 | Investigar | Man-at-Arms (upgrade) |
| 21:18 | Encolar | Villager (Male) |
| 21:19 | Encolar | Villager (Male) |
| 21:23 | Encolar | Militia |
| 21:23 | Encolar | Militia |
| 21:25 | Encolar | Militia |
| 21:46 | Investigar | Scale Mail Armor |
| 21:48 | Edad | Edad de los Castillos |
| 21:56 | Encolar | Villager (Male) |
| 22:10 | Construir | Castle |
| 22:48 | Investigar | Gambesons |
| 22:57 | Investigar | Wheelbarrow |
| 23:47 | Construir | Town Center |
| 23:50 | Encolar | Villager (Male) |
| 23:51 | Encolar | Villager (Male) |
| 24:06 | Encolar | Militia |
| 24:07 | Encolar | Militia |
| 24:07 | Encolar | Militia |
| 24:12 | Investigar | Long Swordsman (upgrade) |
| 24:19 | Construir | House |
| 24:19 | Construir | House |
| 24:19 | Construir | House |
| 24:20 | Construir | House |
| 24:20 | Construir | House |
| 24:20 | Construir | House |
| 24:21 | Construir | House |
| 24:31 | Investigar | Hand Cart |
| 24:31 | Investigar | Hand Cart |
| 24:40 | Investigar | Bow Saw |
| 25:02 | Investigar | Heavy Plow |
| 25:02 | Investigar | Heavy Plow |
| 25:10 | Construir | House |
| 25:11 | Construir | House |
| 25:11 | Construir | House |
| 25:11 | Construir | House |
| 25:23 | Construir | Farm |
| 25:23 | Construir | Farm |
| 25:23 | Construir | Farm |
| 25:28 | Encolar | Villager (Male) |
| 25:32 | Encolar | Villager (Male) |
| 25:32 | Encolar | Villager (Male) |
| 25:51 | Encolar | Villager (Male) |
| 25:56 | Construir | Farm |
| 26:07 | Encolar | Militia |
| 26:07 | Encolar | Militia |
| 26:07 | Encolar | Militia |
| 26:13 | Encolar | Villager (Male) |
| 26:15 | Encolar | Villager (Male) |
| 26:28 | Construir | Farm |
| 26:35 | Encolar | Militia |
| 26:44 | Encolar | Scout Cavalry |
| 26:46 | Encolar | Villager (Male) |
| 26:49 | Construir | Farm |
| 27:04 | Construir | Barracks |
| 27:07 | Construir | Barracks |
| 27:10 | Encolar | Villager (Male) |
| 27:14 | Construir | Farm |
| 27:17 | Encolar | Villager (Male) |
| 27:40 | Encolar | Militia |
| 27:40 | Encolar | Militia |
| 27:40 | Encolar | Militia |
| 27:44 | Encolar | Villager (Male) |
| 27:45 | Encolar | Villager (Male) |
| 27:47 | Encolar | Villager (Male) |
| 27:47 | Encolar | Villager (Male) |
| 27:51 | Construir | Farm |
| 28:02 | Construir | Farm |
| 28:45 | Construir | Farm |
| 28:45 | Construir | Farm |
| 28:46 | Encolar | Villager (Male) |
| 28:47 | Encolar | Villager (Male) |
Build order — jeredino123
Primeras 150 de 305 acciones detectadas
| 0:09 | Encolar | Villager (Male) |
| 0:09 | Encolar | Villager (Male) |
| 0:10 | Encolar | Villager (Male) |
| 0:10 | Encolar | Villager (Male) |
| 0:10 | Encolar | Villager (Male) |
| 0:31 | Construir | House |
| 0:35 | Construir | House |
| 0:36 | Construir | House |
| 0:37 | Construir | House |
| 0:40 | Construir | House |
| 1:31 | Encolar | Villager (Male) |
| 2:27 | Encolar | Villager (Male) |
| 2:58 | Encolar | Villager (Male) |
| 2:59 | Encolar | Villager (Male) |
| 3:44 | Encolar | Villager (Male) |
| 3:44 | Encolar | Villager (Male) |
| 3:52 | Encolar | Villager (Male) |
| 3:52 | Encolar | Villager (Male) |
| 4:24 | Encolar | Villager (Male) |
| 4:25 | Encolar | Villager (Male) |
| 4:47 | Construir | Palisade Wall |
| 5:05 | Encolar | Villager (Male) |
| 5:06 | Encolar | Villager (Male) |
| 5:23 | Encolar | Villager (Male) |
| 5:42 | Encolar | Villager (Male) |
| 5:59 | Construir | Palisade Gate |
| 6:03 | Encolar | Villager (Male) |
| 6:22 | Encolar | Villager (Male) |
| 6:22 | Encolar | Villager (Male) |
| 6:42 | Construir | Mill |
| 6:49 | Encolar | Villager (Male) |
| 6:50 | Encolar | Villager (Male) |
| 6:52 | Encolar | Villager (Male) |
| 8:14 | Construir | Lumber Camp |
| 8:32 | Encolar | Villager (Male) |
| 8:38 | Encolar | Villager (Male) |
| 8:40 | Encolar | Villager (Male) |
| 9:26 | Construir | Mining Camp |
| 9:42 | Construir | Palisade Wall |
| 10:18 | Construir | House |
| 10:18 | Construir | House |
| 10:21 | Construir | House |
| 10:23 | Construir | House |
| 10:26 | Construir | House |
| 10:35 | Construir | House |
| 10:55 | Investigar | Feudal Age |
| 11:58 | Construir | Dock |
| 12:36 | Construir | Dock |
| 12:40 | Encolar | Fishing Ship |
| 12:40 | Encolar | Fishing Ship |
| 13:05 | Edad | Edad Feudal |
| 13:09 | Investigar | Wheelbarrow |
| 13:14 | Investigar | Double-Bit Axe |
| 13:18 | Investigar | Horse Collar |
| 13:45 | Encolar | Villager (Male) |
| 13:46 | Encolar | Villager (Male) |
| 13:59 | Encolar | Fishing Ship |
| 14:00 | Encolar | Fishing Ship |
| 14:12 | Encolar | Villager (Male) |
| 14:19 | Encolar | Fishing Ship |
| 14:40 | Encolar | Fishing Ship |
| 14:52 | Encolar | Villager (Male) |
| 14:52 | Encolar | Villager (Male) |
| 15:00 | Encolar | Villager (Male) |
| 15:15 | Encolar | Villager (Male) |
| 15:15 | Encolar | Villager (Male) |
| 15:37 | Construir | Farm |
| 15:40 | Construir | Farm |
| 15:42 | Construir | Farm |
| 16:06 | Construir | Farm |
| 16:14 | Construir | Farm |
| 16:19 | Construir | Farm |
| 16:37 | Construir | Farm |
| 16:48 | Construir | Farm |
| 17:01 | Encolar | Villager (Male) |
| 17:02 | Encolar | Villager (Male) |
| 17:02 | Encolar | Villager (Male) |
| 17:02 | Encolar | Villager (Male) |
| 17:02 | Encolar | Villager (Male) |
| 17:12 | Construir | Farm |
| 17:26 | Construir | Farm |
| 17:50 | Construir | Gate |
| 18:29 | Construir | Market |
| 18:53 | Construir | Stone Wall |
| 19:21 | Construir | Blacksmith |
| 19:37 | Construir | Watch Tower |
| 19:47 | Investigar | Castle Age |
| 20:23 | Construir | Gate |
| 20:41 | Construir | Stone Wall |
| 21:11 | Encolar | Transport Ship |
| 22:27 | Edad | Edad de los Castillos |
| 22:39 | Construir | Lumber Camp |
| 22:50 | Construir | Castle |
| 22:58 | Construir | Mining Camp |
| 23:24 | Construir | Stone Wall |
| 23:41 | Investigar | Hand Cart |
| 23:43 | Investigar | Heavy Plow |
| 23:49 | Investigar | Bow Saw |
| 24:18 | Construir | Castle |
| 24:57 | Construir | Town Center |
| 25:08 | Encolar | Hussite Wagon |
| 25:41 | Encolar | Villager (Male) |
| 25:41 | Encolar | Villager (Male) |
| 25:41 | Encolar | Villager (Male) |
| 25:41 | Encolar | Villager (Male) |
| 25:42 | Encolar | Villager (Male) |
| 25:42 | Encolar | Villager (Male) |
| 25:42 | Encolar | Villager (Male) |
| 25:42 | Encolar | Villager (Male) |
| 25:43 | Encolar | Villager (Male) |
| 25:43 | Encolar | Villager (Male) |
| 25:48 | Encolar | Villager (Male) |
| 25:48 | Encolar | Villager (Male) |
| 25:48 | Encolar | Villager (Male) |
| 25:48 | Encolar | Villager (Male) |
| 25:49 | Encolar | Villager (Male) |
| 25:49 | Encolar | Villager (Male) |
| 25:49 | Encolar | Villager (Male) |
| 25:49 | Encolar | Villager (Male) |
| 26:21 | Encolar | Hussite Wagon |
| 26:21 | Encolar | Hussite Wagon |
| 26:22 | Encolar | Hussite Wagon |
| 26:28 | Encolar | Hussite Wagon |
| 27:17 | Construir | Mill |
| 27:26 | Encolar | Hussite Wagon |
| 27:26 | Encolar | Hussite Wagon |
| 28:03 | Construir | Farm |
| 28:04 | Construir | Farm |
| 28:20 | Encolar | Villager (Male) |
| 28:20 | Encolar | Villager (Male) |
| 28:20 | Encolar | Villager (Male) |
| 28:21 | Encolar | Villager (Male) |
| 28:21 | Encolar | Villager (Male) |
| 28:44 | Encolar | Hussite Wagon |
| 28:44 | Encolar | Hussite Wagon |
| 30:08 | Investigar | Imperial Age |
| 30:17 | Construir | Farm |
| 30:19 | Construir | Farm |
| 30:20 | Construir | Farm |
| 30:22 | Construir | Farm |
| 30:24 | Construir | Farm |
| 30:26 | Construir | Farm |
| 30:29 | Construir | Farm |
| 30:31 | Construir | Farm |
| 30:43 | Encolar | Villager (Male) |
| 30:43 | Encolar | Villager (Male) |
| 30:43 | Encolar | Villager (Male) |
| 31:25 | Investigar | Forging |
| 31:26 | Investigar | Scale Mail Armor |
| 32:53 | Encolar | Hussite Wagon |
Build order — vitavidal91
Primeras 150 de 342 acciones detectadas
| 0:03 | Encolar | Villager (Male) |
| 0:03 | Encolar | Villager (Male) |
| 0:05 | Construir | House |
| 0:07 | Construir | House |
| 0:41 | Encolar | Villager (Male) |
| 0:41 | Encolar | Villager (Male) |
| 1:50 | Encolar | Villager (Male) |
| 2:06 | Encolar | Villager (Male) |
| 2:38 | Encolar | Villager (Male) |
| 3:07 | Encolar | Villager (Male) |
| 3:32 | Encolar | Villager (Male) |
| 3:59 | Encolar | Villager (Male) |
| 4:28 | Encolar | Villager (Male) |
| 4:44 | Encolar | Villager (Male) |
| 4:53 | Construir | House |
| 4:58 | Encolar | Villager (Male) |
| 5:09 | Construir | House |
| 5:16 | Encolar | Villager (Male) |
| 6:20 | Encolar | Villager (Male) |
| 6:28 | Construir | Mill |
| 6:42 | Encolar | Villager (Male) |
| 7:00 | Encolar | Villager (Male) |
| 7:36 | Investigar | Feudal Age |
| 9:06 | Construir | Lumber Camp |
| 9:31 | Construir | Lumber Camp |
| 9:36 | Encolar | Villager (Male) |
| 9:46 | Edad | Edad Feudal |
| 10:24 | Construir | Mining Camp |
| 10:39 | Encolar | Villager (Male) |
| 10:40 | Encolar | Villager (Male) |
| 11:13 | Construir | Dock |
| 11:29 | Encolar | Villager (Male) |
| 11:51 | Encolar | Villager (Male) |
| 11:57 | Construir | Farm |
| 12:03 | Construir | House |
| 12:04 | Construir | House |
| 12:11 | Construir | House |
| 12:26 | Encolar | Transport Ship |
| 12:38 | Encolar | Villager (Male) |
| 12:43 | Construir | Farm |
| 13:00 | Encolar | Villager (Male) |
| 13:05 | Construir | Farm |
| 13:20 | Encolar | Villager (Male) |
| 13:26 | Construir | Farm |
| 13:43 | Construir | Farm |
| 14:09 | Encolar | Villager (Male) |
| 14:09 | Encolar | Villager (Male) |
| 14:49 | Encolar | Villager (Male) |
| 15:03 | Encolar | Villager (Male) |
| 15:48 | Encolar | Villager (Male) |
| 15:58 | Construir | Lumber Camp |
| 16:24 | Construir | Farm |
| 16:27 | Encolar | Villager (Male) |
| 16:43 | Construir | Farm |
| 16:55 | Construir | Farm |
| 16:59 | Construir | Farm |
| 17:04 | Construir | Farm |
| 17:17 | Construir | Farm |
| 17:26 | Encolar | Villager (Male) |
| 17:26 | Encolar | Villager (Male) |
| 17:28 | Construir | Farm |
| 17:43 | Construir | House |
| 17:54 | Construir | Farm |
| 18:10 | Construir | Lumber Camp |
| 18:17 | Encolar | Villager (Male) |
| 18:20 | Construir | Farm |
| 18:39 | Investigar | Castle Age |
| 18:39 | Investigar | Castle Age |
| 19:09 | Investigar | Horse Collar |
| 19:30 | Construir | Farm |
| 19:31 | Construir | Farm |
| 19:32 | Construir | Farm |
| 19:36 | Construir | Farm |
| 19:37 | Construir | Farm |
| 19:38 | Construir | Farm |
| 19:43 | Construir | Farm |
| 19:50 | Construir | Farm |
| 20:03 | Construir | Stone Wall |
| 20:17 | Construir | Stone Wall |
| 20:36 | Investigar | Double-Bit Axe |
| 21:05 | Construir | Gate |
| 21:13 | Construir | Stone Wall |
| 21:16 | Encolar | Villager (Male) |
| 21:19 | Edad | Edad de los Castillos |
| 21:34 | Construir | Mining Camp |
| 21:35 | Encolar | Villager (Male) |
| 21:36 | Encolar | Villager (Male) |
| 22:11 | Encolar | Villager (Male) |
| 22:46 | Construir | Town Center |
| 22:49 | Encolar | Villager (Male) |
| 22:52 | Encolar | Villager (Male) |
| 23:23 | Encolar | Villager (Male) |
| 23:26 | Encolar | Villager (Male) |
| 23:26 | Encolar | Villager (Male) |
| 23:29 | Encolar | Villager (Male) |
| 23:29 | Encolar | Villager (Male) |
| 23:29 | Encolar | Villager (Male) |
| 23:36 | Encolar | Villager (Male) |
| 23:36 | Encolar | Villager (Male) |
| 23:41 | Construir | Monastery |
| 24:07 | Construir | Gate |
| 24:14 | Construir | Stone Wall |
| 24:29 | Encolar | Villager (Male) |
| 24:29 | Encolar | Villager (Male) |
| 24:29 | Encolar | Villager (Male) |
| 24:30 | Encolar | Villager (Male) |
| 24:31 | Encolar | Monk |
| 24:47 | Construir | House |
| 24:50 | Construir | House |
| 24:55 | Construir | House |
| 25:07 | Investigar | Wheelbarrow |
| 25:11 | Investigar | Loom |
| 26:17 | Encolar | Villager (Male) |
| 26:17 | Encolar | Villager (Male) |
| 26:17 | Encolar | Villager (Male) |
| 26:19 | Encolar | Villager (Male) |
| 26:19 | Encolar | Villager (Male) |
| 26:21 | Encolar | Villager (Male) |
| 26:21 | Encolar | Villager (Male) |
| 27:15 | Encolar | Villager (Male) |
| 27:15 | Encolar | Villager (Male) |
| 27:15 | Encolar | Villager (Male) |
| 27:16 | Encolar | Villager (Male) |
| 27:16 | Encolar | Villager (Male) |
| 27:26 | Construir | Castle |
| 28:04 | Construir | Market |
| 28:11 | Encolar | Villager (Male) |
| 28:11 | Encolar | Villager (Male) |
| 28:12 | Encolar | Villager (Male) |
| 28:24 | Investigar | Gold Mining |
| 28:25 | Investigar | Heavy Plow |
| 28:28 | Investigar | Bow Saw |
| 28:33 | Encolar | Ballista Elephant |
| 28:33 | Encolar | Ballista Elephant |
| 29:12 | Construir | Town Center |
| 29:15 | Encolar | Villager (Male) |
| 29:16 | Encolar | Villager (Male) |
| 29:37 | Investigar | Hand Cart |
| 29:39 | Encolar | Ballista Elephant |
| 29:39 | Encolar | Ballista Elephant |
| 29:44 | Construir | Mining Camp |
| 29:48 | Encolar | Villager (Male) |
| 29:53 | Encolar | Ballista Elephant |
| 30:14 | Construir | University |
| 30:20 | Construir | Stable |
| 30:21 | Construir | Stable |
| 30:22 | Construir | Stable |
| 30:22 | Construir | Stable |
| 30:31 | Construir | Stable |
| 30:33 | Construir | Stable |
Build order — HijoClauAmen
Primeras 150 de 161 acciones detectadas
| 0:06 | Construir | Mill |
| 0:16 | Construir | House |
| 0:18 | Construir | House |
| 0:18 | Encolar | Villager (Male) |
| 0:19 | Encolar | Villager (Male) |
| 0:19 | Encolar | Villager (Male) |
| 0:19 | Encolar | Villager (Male) |
| 0:19 | Encolar | Villager (Male) |
| 2:09 | Encolar | Villager (Male) |
| 2:09 | Encolar | Villager (Male) |
| 2:42 | Encolar | Villager (Male) |
| 2:43 | Encolar | Villager (Male) |
| 2:43 | Encolar | Villager (Male) |
| 3:37 | Construir | Lumber Camp |
| 3:41 | Encolar | Villager (Male) |
| 3:41 | Encolar | Villager (Male) |
| 4:17 | Encolar | Villager (Male) |
| 4:18 | Encolar | Villager (Male) |
| 4:18 | Encolar | Villager (Male) |
| 4:59 | Construir | House |
| 5:23 | Construir | House |
| 5:42 | Encolar | Villager (Male) |
| 5:42 | Encolar | Villager (Male) |
| 6:28 | Encolar | Villager (Male) |
| 6:28 | Encolar | Villager (Male) |
| 6:30 | Encolar | Villager (Male) |
| 6:50 | Construir | Mill |
| 7:05 | Encolar | Villager (Male) |
| 7:06 | Encolar | Villager (Male) |
| 8:16 | Investigar | Feudal Age |
| 9:06 | Construir | Dock |
| 9:47 | Encolar | Transport Ship |
| 10:16 | Construir | House |
| 10:22 | Construir | House |
| 10:26 | Construir | House |
| 10:27 | Edad | Edad Feudal |
| 10:34 | Construir | Stone Wall |
| 11:25 | Construir | Stone Wall |
| 11:31 | Construir | Stone Wall |
| 11:35 | Construir | Stone Wall |
| 11:37 | Construir | Stone Wall |
| 11:39 | Construir | Stone Wall |
| 11:41 | Construir | Stone Wall |
| 11:46 | Construir | Stone Wall |
| 12:14 | Construir | Mining Camp |
| 12:16 | Encolar | Villager (Male) |
| 12:16 | Encolar | Villager (Male) |
| 13:08 | Construir | Gate |
| 13:38 | Construir | Lumber Camp |
| 14:16 | Construir | Farm |
| 14:16 | Construir | Farm |
| 14:17 | Construir | Farm |
| 15:53 | Construir | Market |
| 16:11 | Construir | Blacksmith |
| 16:59 | Construir | Farm |
| 16:59 | Construir | Farm |
| 17:18 | Construir | Farm |
| 17:34 | Investigar | Castle Age |
| 17:34 | Investigar | Castle Age |
| 18:33 | Construir | Mining Camp |
| 18:38 | Investigar | Gold Mining |
| 20:09 | Investigar | Double-Bit Axe |
| 20:14 | Edad | Edad de los Castillos |
| 20:37 | Construir | Town Center |
| 20:45 | Investigar | Horse Collar |
| 21:12 | Encolar | Villager (Male) |
| 21:12 | Encolar | Villager (Male) |
| 22:22 | Encolar | Villager (Male) |
| 22:22 | Encolar | Villager (Male) |
| 22:23 | Encolar | Villager (Male) |
| 22:56 | Encolar | Villager (Male) |
| 22:56 | Encolar | Villager (Male) |
| 23:17 | Construir | Farm |
| 23:18 | Construir | Farm |
| 24:12 | Encolar | Villager (Male) ×2 |
| 24:23 | Construir | Farm |
| 24:31 | Construir | Farm |
| 24:56 | Encolar | Villager (Male) |
| 24:56 | Encolar | Villager (Male) |
| 25:10 | Encolar | Villager (Male) |
| 25:45 | Construir | Mill |
| 25:49 | Construir | Farm |
| 25:49 | Construir | Farm |
| 25:49 | Construir | Farm |
| 25:49 | Construir | Farm |
| 25:50 | Construir | Farm |
| 25:55 | Encolar | Villager (Male) |
| 25:55 | Encolar | Villager (Male) |
| 25:56 | Encolar | Villager (Male) |
| 26:15 | Encolar | Villager (Male) |
| 26:17 | Encolar | Villager (Male) |
| 26:42 | Construir | Castle |
| 27:00 | Encolar | Villager (Male) |
| 27:00 | Encolar | Villager (Male) |
| 27:01 | Encolar | Villager (Male) |
| 27:13 | Construir | Monastery |
| 27:26 | Encolar | Villager (Male) ×2 |
| 27:47 | Construir | House |
| 27:49 | Construir | House |
| 27:50 | Construir | House |
| 27:52 | Construir | House |
| 27:54 | Construir | House |
| 27:55 | Construir | House |
| 27:56 | Construir | House |
| 27:59 | Encolar | Monk |
| 28:05 | Construir | Farm |
| 28:06 | Construir | Farm |
| 28:19 | Encolar | Janissary ×4 |
| 30:35 | Construir | Outpost |
| 30:38 | Construir | Outpost |
| 30:39 | Construir | Outpost |
| 31:23 | Investigar | Imperial Age |
| 31:24 | Investigar | Imperial Age |
| 31:47 | Construir | Town Center |
| 32:20 | Encolar | Janissary ×3 |
| 33:20 | Encolar | Villager (Male) ×5 |
| 33:22 | Encolar | Villager (Male) ×2 |
| 33:47 | Construir | Siege Workshop |
| 33:55 | Construir | Siege Workshop |
| 34:05 | Investigar | Gold Shaft Mining |
| 34:20 | Construir | Lumber Camp |
| 34:33 | Edad | Edad Imperial |
| 34:40 | Encolar | Bombard Cannon |
| 34:41 | Encolar | Bombard Cannon |
| 34:55 | Encolar | Villager (Male) ×5 |
| 34:55 | Encolar | Villager (Male) ×5 |
| 35:39 | Encolar | Bombard Cannon |
| 35:47 | Construir | Farm |
| 35:48 | Construir | Farm |
| 35:49 | Construir | Farm |
| 35:50 | Construir | Farm |
| 35:53 | Encolar | Janissary ×4 |
| 36:37 | Construir | University |
| 37:09 | Encolar | Janissary ×5 |
| 38:02 | Encolar | Villager (Male) ×5 |
| 38:02 | Encolar | Villager (Male) ×5 |
| 38:02 | Encolar | Villager (Male) ×2 |
| 39:15 | Encolar | Bombard Cannon |
| 39:15 | Encolar | Bombard Cannon |
| 39:16 | Encolar | Bombard Cannon |
| 39:16 | Encolar | Bombard Cannon |
| 39:25 | Encolar | Bombard Cannon |
| 39:26 | Encolar | Bombard Cannon |
| 39:26 | Encolar | Bombard Cannon |
| 39:54 | Construir | Castle |
| 41:34 | Construir | Lumber Camp |
| 41:47 | Encolar | Janissary ×5 |
| 41:47 | Encolar | Janissary ×5 |
| 41:47 | Encolar | Janissary ×5 |
| 43:12 | Investigar | Artillery |
Build order — Jx
Primeras 150 de 389 acciones detectadas
| 0:02 | Encolar | Villager (Male) |
| 0:02 | Investigar | Loom |
| 0:14 | Construir | Lumber Camp |
| 0:25 | Construir | House |
| 0:27 | Construir | House |
| 0:32 | Encolar | Villager (Male) |
| 0:32 | Encolar | Villager (Male) |
| 0:32 | Encolar | Villager (Male) |
| 0:32 | Encolar | Villager (Male) |
| 2:14 | Encolar | Villager (Male) |
| 2:14 | Encolar | Villager (Male) |
| 2:14 | Encolar | Villager (Male) |
| 2:38 | Encolar | Villager (Male) |
| 2:38 | Encolar | Villager (Male) |
| 2:38 | Encolar | Villager (Male) |
| 3:04 | Encolar | Villager (Male) |
| 3:04 | Encolar | Villager (Male) |
| 3:32 | Encolar | Villager (Male) |
| 3:32 | Encolar | Villager (Male) |
| 3:40 | Encolar | Villager (Male) |
| 3:40 | Encolar | Villager (Male) |
| 4:13 | Encolar | Villager (Male) |
| 4:13 | Encolar | Villager (Male) |
| 4:14 | Encolar | Villager (Male) |
| 4:35 | Construir | House |
| 4:36 | Construir | House |
| 4:37 | Construir | House |
| 4:53 | Encolar | Villager (Male) |
| 4:54 | Encolar | Villager (Male) |
| 4:54 | Encolar | Villager (Male) |
| 4:54 | Encolar | Villager (Male) |
| 5:09 | Construir | House |
| 5:19 | Construir | Palisade Wall |
| 5:27 | Construir | Mill |
| 5:34 | Encolar | Villager (Male) |
| 5:35 | Encolar | Villager (Male) |
| 5:42 | Encolar | Villager (Male) |
| 5:43 | Encolar | Villager (Male) |
| 6:06 | Construir | House |
| 6:12 | Construir | Palisade Gate |
| 6:21 | Encolar | Villager (Male) |
| 6:21 | Encolar | Villager (Male) |
| 6:21 | Encolar | Villager (Male) |
| 6:36 | Encolar | Villager (Male) |
| 6:36 | Encolar | Villager (Male) |
| 6:54 | Encolar | Villager (Male) |
| 6:54 | Encolar | Villager (Male) |
| 7:26 | Encolar | Villager (Male) |
| 7:26 | Encolar | Villager (Male) |
| 7:26 | Encolar | Villager (Male) |
| 7:45 | Construir | Dock |
| 7:52 | Encolar | Villager (Male) |
| 7:53 | Encolar | Villager (Male) |
| 8:41 | Encolar | Villager (Male) |
| 8:41 | Encolar | Villager (Male) |
| 9:09 | Construir | Mining Camp |
| 9:22 | Encolar | Villager (Male) |
| 9:23 | Encolar | Villager (Male) |
| 9:23 | Encolar | Villager (Male) |
| 9:23 | Encolar | Villager (Male) |
| 9:23 | Encolar | Villager (Male) |
| 9:35 | Encolar | Transport Ship |
| 9:45 | Construir | Outpost |
| 10:01 | Construir | Farm |
| 10:04 | Encolar | Villager (Male) |
| 10:04 | Encolar | Villager (Male) |
| 10:34 | Construir | Farm |
| 10:49 | Construir | Farm |
| 11:22 | Construir | Farm |
| 11:45 | Construir | Farm |
| 11:48 | Encolar | Villager (Male) |
| 11:48 | Encolar | Villager (Male) |
| 11:48 | Encolar | Villager (Male) |
| 11:49 | Investigar | Feudal Age |
| 12:45 | Construir | Lumber Camp |
| 13:33 | Construir | Outpost |
| 14:08 | Construir | Lumber Camp |
| 14:40 | Construir | Mining Camp |
| 14:48 | Construir | House |
| 14:52 | Construir | House |
| 15:49 | Edad | Edad Feudal |
| 15:52 | Construir | Lumber Camp |
| 15:54 | Investigar | Wheelbarrow |
| 15:54 | Investigar | Town Watch |
| 15:55 | Encolar | Villager (Male) ×5 |
| 16:08 | Construir | Stone Wall |
| 16:11 | Construir | Gate |
| 16:39 | Investigar | Double-Bit Axe |
| 16:44 | Investigar | Horse Collar |
| 17:04 | Construir | Mining Camp |
| 18:05 | Construir | Farm |
| 18:40 | Construir | Outpost |
| 18:43 | Construir | Outpost |
| 18:47 | Construir | Farm |
| 18:52 | Construir | Farm |
| 19:23 | Construir | Stone Wall |
| 19:26 | Construir | Gate |
| 19:31 | Construir | Stone Wall |
| 19:34 | Construir | Stone Wall |
| 19:44 | Construir | Outpost |
| 19:48 | Construir | Farm |
| 19:50 | Construir | Farm |
| 19:59 | Encolar | Villager (Male) |
| 20:00 | Encolar | Villager (Male) |
| 20:26 | Construir | Farm |
| 20:40 | Investigar | Castle Age |
| 20:53 | Construir | Farm |
| 21:05 | Construir | Stone Wall |
| 21:09 | Construir | Stone Wall |
| 21:12 | Construir | Stone Wall |
| 21:15 | Construir | Stone Wall |
| 22:57 | Construir | Stone Wall |
| 22:59 | Construir | Stone Wall |
| 23:02 | Construir | Stone Wall |
| 23:11 | Construir | Gate |
| 23:28 | Encolar | Villager (Male) |
| 23:28 | Encolar | Villager (Male) |
| 23:28 | Encolar | Villager (Male) |
| 23:29 | Encolar | Villager (Male) |
| 23:29 | Edad | Edad de los Castillos |
| 23:29 | Encolar | Villager (Male) |
| 23:29 | Encolar | Villager (Male) |
| 23:34 | Construir | Town Center |
| 23:46 | Construir | Town Center |
| 23:51 | Construir | Town Center |
| 24:11 | Construir | Castle |
| 24:22 | Investigar | Hand Cart |
| 24:36 | Investigar | Bow Saw |
| 24:52 | Encolar | Villager (Male) ×5 |
| 24:55 | Encolar | Villager (Male) ×3 |
| 25:02 | Encolar | Villager (Male) |
| 25:02 | Encolar | Villager (Male) |
| 25:02 | Encolar | Villager (Male) |
| 25:12 | Encolar | Villager (Male) |
| 25:12 | Encolar | Villager (Male) |
| 25:28 | Construir | Farm |
| 25:36 | Construir | Mining Camp |
| 25:43 | Construir | Farm |
| 25:46 | Encolar | Villager (Male) ×3 |
| 25:47 | Encolar | Villager (Male) ×3 |
| 26:09 | Construir | Farm |
| 26:13 | Construir | Farm |
| 26:15 | Construir | Farm |
| 26:23 | Construir | Farm |
| 26:25 | Construir | Farm |
| 26:27 | Construir | Farm |
| 26:35 | Construir | Farm |
| 26:37 | Construir | Farm |
| 26:40 | Encolar | Villager (Male) ×5 |
| 26:40 | Encolar | Villager (Male) ×5 |
Cronología de la partida
| 3:34 | GuilleLeopold17 · first_building Dock |
| 4:47 | jeredino123 · wall_segment Palisade Wall x3 |
| 5:19 | Jx · wall_segment Palisade Wall x4 |
| 7:45 | Jx · first_building Dock |
| 9:06 | HijoClauAmen · first_building Dock |
| 9:26 | GuilleLeopold17 · age_up feudal |
| 9:42 | jeredino123 · wall_segment Palisade Wall x5 |
| 9:46 | vitavidal91 · age_up feudal |
| 10:06 | felipegarcia92 · first_building Barracks |
| 10:27 | HijoClauAmen · age_up feudal |
| 10:34 | HijoClauAmen · wall_segment Stone Wall x1 |
| 10:45 | felipegarcia92 · first_building Dock |
| 11:09 | tatomagallanes · first_building Barracks |
| 11:13 | vitavidal91 · first_building Dock |
| 11:25 | HijoClauAmen · wall_segment Stone Wall x5 |
| 11:31 | HijoClauAmen · wall_segment Stone Wall x6 |
| 11:35 | HijoClauAmen · wall_segment Stone Wall x2 |
| 11:36 | Viper · age_up feudal |
| 11:37 | HijoClauAmen · wall_segment Stone Wall x3 |
| 11:39 | HijoClauAmen · wall_segment Stone Wall x2 |
| 11:41 | HijoClauAmen · wall_segment Stone Wall x6 |
| 11:46 | HijoClauAmen · wall_segment Stone Wall x9 |
| 11:58 | jeredino123 · first_building Dock |
| 12:04 | felipegarcia92 · age_up feudal |
| 12:05 | GuilleLeopold17 · first_building Barracks |
| 12:16 | felipegarcia92 · first_building Stable |
| 12:23 | Viper · first_building Dock |
| 12:34 | tatomagallanes · age_up feudal |
| 12:56 | tatomagallanes · first_building Stable |
| 13:05 | jeredino123 · age_up feudal |
| 13:13 | GuilleLeopold17 · first_building Stable |
| 15:49 | Jx · age_up feudal |
| 16:08 | Jx · wall_segment Stone Wall x13 |
| 16:29 | tatomagallanes · age_up castle |
| 16:46 | HijoClauAmen · first_market_buy 100 food |
| 18:04 | GuilleLeopold17 · age_up castle |
| 18:53 | jeredino123 · wall_segment Stone Wall x1 |
| 19:23 | Jx · wall_segment Stone Wall x4 |
| 19:31 | Jx · wall_segment Stone Wall x2 |
| 19:34 | Jx · wall_segment Stone Wall x6 |
| 19:47 | Viper · wall_segment Stone Wall x11 |
| 20:03 | vitavidal91 · wall_segment Stone Wall x10 |
| 20:14 | HijoClauAmen · age_up castle |
| 20:17 | vitavidal91 · wall_segment Stone Wall x4 |
| 20:41 | jeredino123 · wall_segment Stone Wall x2 |
| 21:05 | Jx · wall_segment Stone Wall x8 |
| 21:09 | Jx · wall_segment Stone Wall x6 |
| 21:12 | Jx · wall_segment Stone Wall x6 |
| 21:13 | vitavidal91 · wall_segment Stone Wall x9 |
| 21:15 | Jx · wall_segment Stone Wall x8 |
| 21:19 | vitavidal91 · age_up castle |
| 21:48 | felipegarcia92 · age_up castle |
| 22:10 | felipegarcia92 · first_building Castle |
| 22:20 | jeredino123 · first_market_buy 100 wood |
| 22:27 | jeredino123 · age_up castle |
| 22:50 | jeredino123 · first_building Castle |
| 22:57 | Jx · wall_segment Stone Wall x1 |
| 22:59 | Jx · wall_segment Stone Wall x2 |
| 23:02 | Jx · wall_segment Stone Wall x6 |
| 23:04 | tatomagallanes · first_building Castle |
| 23:24 | jeredino123 · wall_segment Stone Wall x10 |
| 23:29 | Jx · age_up castle |
| 23:38 | GuilleLeopold17 · first_building Castle |
| 23:41 | vitavidal91 · first_building Monastery |
| 24:03 | jeredino123 · first_market_sell 100 food |
| 24:11 | Jx · first_building Castle |
| 24:14 | vitavidal91 · wall_segment Stone Wall x3 |
| 24:19 | GuilleLeopold17 · first_building Archery Range |
| 24:27 | GuilleLeopold17 · first_building Siege Workshop |
| 24:50 | GuilleLeopold17 · first_market_buy 100 wood |
| 25:01 | Viper · age_up castle |
| 26:42 | HijoClauAmen · first_building Castle |
| 27:07 | GuilleLeopold17 · wall_segment Stone Wall x12 |
| 27:13 | GuilleLeopold17 · wall_segment Stone Wall x12 |
| 27:13 | HijoClauAmen · first_building Monastery |
| 27:26 | vitavidal91 · first_building Castle |
| 27:43 | GuilleLeopold17 · wall_segment Stone Wall x6 |
| 27:43 | Viper · first_building Castle |
| 27:52 | GuilleLeopold17 · first_building Monastery |
| 28:31 | Jx · wall_segment Stone Wall x5 |
| 28:34 | Jx · wall_segment Stone Wall x3 |
| 28:37 | Jx · wall_segment Stone Wall x5 |
| 28:39 | Jx · wall_segment Stone Wall x7 |
| 28:42 | Jx · wall_segment Stone Wall x4 |
| 28:44 | Jx · wall_segment Stone Wall x4 |
| 28:51 | Viper · first_building Barracks |
| 29:01 | Jx · first_building Siege Workshop |
| 29:37 | Jx · first_building Stable |
| 30:20 | vitavidal91 · first_building Stable |
| 31:05 | tatomagallanes · first_market_sell 100 wood |
| 31:10 | tatomagallanes · first_market_buy 100 food |
| 32:52 | GuilleLeopold17 · wall_segment Stone Wall x1 |
| 33:02 | Jx · wall_segment Stone Wall x5 |
| 33:04 | Jx · wall_segment Stone Wall x1 |
| 33:09 | Jx · wall_segment Stone Wall x10 |
| 33:16 | tatomagallanes · wall_segment Stone Wall x16 |
| 33:18 | jeredino123 · age_up imperial |
| 33:28 | Viper · age_up imperial |
| 33:41 | tatomagallanes · wall_segment Stone Wall x5 |
| 33:47 | HijoClauAmen · first_building Siege Workshop |
| 34:14 | GuilleLeopold17 · age_up imperial |
| 34:17 | Jx · age_up imperial |
| 34:33 | HijoClauAmen · age_up imperial |
| 34:36 | tatomagallanes · age_up imperial |
| 35:00 | Viper · first_building Siege Workshop |
| 35:25 | tatomagallanes · wall_segment Stone Wall x16 |
| 35:32 | GuilleLeopold17 · wall_segment Stone Wall x6 |
| 36:02 | Jx · wall_segment Stone Wall x3 |
| 36:05 | Jx · wall_segment Stone Wall x6 |
| 36:06 | Viper · first_building Monastery |
| 36:30 | vitavidal91 · first_market_sell 100 food |
| 36:58 | felipegarcia92 · age_up imperial |
| 40:51 | tatomagallanes · wall_segment Stone Wall x4 |
| 42:29 | vitavidal91 · age_up imperial |
| 44:03 | Viper · first_building Archery Range |
| 44:39 | tatomagallanes · first_building Siege Workshop |
| 45:31 | GuilleLeopold17 · wall_segment Stone Wall x14 |
| 48:25 | GuilleLeopold17 · resign |
| 48:47 | HijoClauAmen · first_market_sell 100 stone |
[ ANÁLISIS IA · 1 CRÉDITO ]
¿Qué pasó realmente en esta partida?
Wolo.gg analiza cada decisión: build order, eco, micro, errores típicos por bracket. Análisis personalizado por WhatsApp o Discord en 30 segundos.
Guía civ
Etíopes
Perfil
Jugador #18791477